Map: Terraform LE (Void)

Players

ImotoFantasy - Winner!

  • Race: Protoss Protoss
  • League: Platinum

ArmStronG

  • Race: Zerg Zerg
  • League: Platinum

VOD

Have the link to the VOD?

Description

Time

  • Played on: Oct. 26, 2015, 10:30 p.m.
  • Length: 13:32
Show
View Real Time Build Order
Export as new Build Order

ImotoFantasy Protoss - Winner!

Build Orders:  

Get SALT Encoding   

  12  0:01  Probe (Chrono Boost)  
  13  0:12  Probe (Chrono Boost)  
  14  0:18  Pylon  
  14  0:23  Probe (Chrono Boost)  
  15  0:37  Probe (Chrono Boost)  
  16  0:47  Probe (Chrono Boost)  
  17  0:58  Probe (Chrono Boost)  
  18  1:06  Nexus  
  18  1:09  Probe (Chrono Boost)  
  19  1:21  Pylon  
  19  1:23  Probe (Chrono Boost)  
  20  1:30  Assimilator  
  20  1:33  Probe (Chrono Boost)  
  21  1:44  Probe (Chrono Boost)  
  21  1:46  Gateway  
  22  1:54  Probe (Chrono Boost)  
  23  2:13  Probe (Chrono Boost)  
  24  2:17  Assimilator  
  24  2:18  Probe (Chrono Boost)  
  24  2:22  Pylon  
  25  2:25  Probe (Chrono Boost)  
  25  2:29  Probe (Chrono Boost)  
  27  2:35  Probe (Chrono Boost)  
  27  2:36  Cybernetics Core  
  30  2:37  Zealot  
  30  2:40  Probe (Chrono Boost)  
  31  2:46  Probe (Chrono Boost)  
  31  2:50  Probe (Chrono Boost)  
  33  2:56  Probe (Chrono Boost)  
  34  3:01  Probe (Chrono Boost)  
  34  3:03  Assimilator  
  34  3:05  Assimilator  
  35  3:07  Probe (Chrono Boost)  
  36  3:17  Probe (Chrono Boost)  
  36  3:19  Mothership Core (Chrono Boost)  
  39  3:27  Probe (Chrono Boost)  
  39  3:29  Pylon  
  39  3:33  Stargate  
  40  3:37  Probe (Chrono Boost)  
  40  3:38  Warp Gate  
  41  3:42  Sentry  
  41  3:44  Probe (Chrono Boost), Nexus  
  41  3:48  Probe (Chrono Boost)  
  45  3:54  Probe (Chrono Boost)  
  45  3:56  Pylon  
  45  4:00  Forge  
  45  4:02  Probe (Chrono Boost)  
  46  4:05  Probe (Chrono Boost)  
  47  4:14  Probe (Chrono Boost)  
  47  4:15  Probe (Chrono Boost)  
  49  4:17  Void Ray  
  49  4:20  Pylon  
  49  4:23  Zealot  
  55  4:24  Probe (Chrono Boost)  
  55  4:26  Probe (Chrono Boost)  
  57  4:33  Pylon  
  57  4:38  Photon Cannon  
  57  4:40  Probe (Chrono Boost)  
  57  4:41  Probe (Chrono Boost)  
  57  4:42  Photon Cannon  
  59  4:49  Pylon  
  59  4:53  Pylon  
  59  5:01  Probe x3 (Chrono Boost)  
  62  5:11  Probe x2 (Chrono Boost)  
  62  5:14  Probe (Chrono Boost)  
  65  5:15  Oracle  
  65  5:20  Pylon  
  68  5:22  Probe (Chrono Boost)  
  68  5:24  Probe x2 (Chrono Boost)  
  68  5:26  Pylon  
  71  5:28  Protoss Air Weapons Level 1  
  71  5:32  Probe (Chrono Boost), Pylon  
  71  5:34  Probe (Chrono Boost)  
  71  5:35  Probe (Chrono Boost)  
  74  5:41  Fleet Beacon  
  74  5:44  Pylon  
  74  5:49  Probe x3 (Chrono Boost), Photon Cannon  
  77  5:51  Pylon  
  77  5:53  Pylon  
  77  5:55  Photon Cannon  
  77  5:58  Assimilator  
  77  6:01  Assimilator  
  77  6:03  Probe x3 (Chrono Boost)  
  80  6:09  Stargate  
  77  6:33  Carrier (Chrono Boost)  
  77  6:37  Graviton Catapult  
  83  6:40  Stargate  
  83  6:42  Stargate  
  83  6:44  Pylon  
  83  6:48  Pylon  
  83  6:51  Photon Cannon  
  83  6:52  Probe  
  84  6:55  Carrier (Chrono Boost)  
  84  6:56  Photon Cannon  
  84  6:59  Photon Cannon  
  90  7:06  Photon Cannon  
  90  7:11  Photon Cannon  
  90  7:13  Photon Cannon  
  90  7:14  Photon Cannon  
  90  7:16  Protoss Air Weapons Level 2  
  90  7:18  Photon Cannon  
  90  7:19  Photon Cannon  
  90  7:21  Pylon  
  102  7:39  Photon Cannon  
  102  7:41  Photon Cannon  
  102  7:42  Carrier x2 (Chrono Boost)  
  102  7:58  Pylon  
  102  8:01  Carrier (Chrono Boost)  
  102  8:02  Pylon  
  108  8:11  Carrier (Chrono Boost)  
  114  8:22  Photon Cannon  
  114  8:26  Photon Cannon  
  114  8:35  Pylon  
  126  9:06  Photon Cannon  
  126  9:08  Carrier x2 (Chrono Boost)  
  126  9:14  Zealot  
  126  9:16  Carrier (Chrono Boost)  
  134  9:26  Carrier (Chrono Boost)  
  134  9:27  Nexus  
  134  9:29  Pylon  
  134  9:31  Pylon  
  140  9:32  Pylon  
  138  9:41  Probe  
  140  10:30  Carrier (Chrono Boost)  
  140  10:32  Nexus  
  140  10:34  Carrier x2 (Chrono Boost)  
  146  10:36  Pylon  
  146  10:37  Pylon  
  146  10:38  Mothership Core, Pylon  
  146  10:40  Oracle (Chrono Boost)  
  151  10:48  Photon Cannon  
  151  10:50  Photon Cannon  
  151  10:52  Photon Cannon  
  151  10:53  Photon Cannon  
  151  10:57  Photon Cannon  
  151  10:59  Pylon  
  151  11:04  Pylon  
  151  11:05  Probe x2  
  153  11:38  Assimilator  
  153  11:40  Probe  
  153  11:41  Probe x2  
  153  11:42  Assimilator  
  156  11:48  Photon Cannon x2  
  156  11:50  Photon Cannon  
  156  11:52  Pylon, Photon Cannon  
  156  11:54  Void Ray (Chrono Boost)  
  156  11:58  Void Ray (Chrono Boost)  
  156  11:59  Void Ray (Chrono Boost)  
  168  12:24  Photon Cannon  
  168  12:29  Void Ray  
  174  12:33  Oracle  
Show
View Real Time Build Order
Export as new Build Order

ArmStronG Zerg 

Build Orders: Hatch First, Lurkers 

Get SALT Encoding   

  12  0:01  Drone  
  13  0:15  Overlord  
  13  0:21  Drone  
  14  0:34  Drone x2  
  16  0:37  Drone  
  17  0:48  Drone  
  18  0:59  Hatchery, Drone  
  18  1:13  Spawning Pool  
  18  1:15  Drone  
  18  1:17  Extractor  
  18  1:25  Drone  
  18  1:33  Overlord  
  18  1:45  Overlord  
  18  2:00  Queen  
  18  2:01  Zergling x2  
  21  2:03  Zergling x2  
  22  2:10  Queen  
  24  2:19  Metabolic Boost  
  24  2:39  Hatchery  
  23  2:45  Queen  
  25  2:51  Drone  
  25  2:52  Drone  
  25  2:57  Drone  
  28  3:00  Drone x2  
  28  3:04  Drone  
  31  3:08  Drone  
  31  3:09  Drone  
  33  3:15  Drone x2  
  33  3:19  Drone  
  34  3:36  Drone x4  
  34  3:37  Overlord  
  38  3:41  Drone x2  
  38  3:47  Drone  
  40  3:56  Drone x3, Extractor  
  40  3:57  Evolution Chamber, Drone x2, Extractor  
  40  4:01  Drone  
  43  4:03  Roach Warren  
  43  4:09  Zergling x6  
  45  4:12  Zergling x2  
  45  4:13  Zergling x6  
  49  4:19  Drone  
  49  4:21  Drone  
  51  4:34  Drone x3  
  51  4:36  Drone x4  
  57  4:55  Zerg Missile Weapons Level 1  
  57  4:57  Drone  
  57  4:58  Drone  
  56  5:05  Lair  
  53  5:07  Drone x3  
  53  5:08  Drone x2, Extractor  
  53  5:09  Drone  
  53  5:10  Overlord x3  
  58  5:20  Hatchery  
  57  5:30  Drone  
  57  5:31  Drone x8  
  66  5:42  Overlord  
  66  5:46  Hatchery  
  65  5:54  Extractor, Queen  
  65  5:55  Drone, Extractor  
  66  5:57  Overlord x2  
  66  6:07  Hydralisk Den  
  66  6:09  Hydralisk Den  
  66  6:11  Overlord x4  
  64  6:13  Spore Crawler  
  64  6:15  Spore Crawler  
  58  6:31  Drone x3  
  58  6:32  Drone x3  
  61  6:46  Queen  
  63  6:50  Drone  
  63  6:51  Drone x7  
  71  6:54  Muscular Augments  
  71  6:55  Lurker Den, Zerg Missile Weapons Level 2  
  71  6:56  Glial Reconstitution  
  71  7:03  Drone x5  
  76  7:13  Overlord  
  76  7:14  Overlord x2  
  76  7:15  Overlord  
  76  7:33  Hydralisk x7  
  90  7:55  Queen  
  90  8:05  Hydralisk x4  
  90  8:06  Hydralisk x4  
  106  8:17  Overlord  
  106  8:18  Overlord  
  106  8:21  Roach x5  
  106  8:22  Roach x9  
  134  8:27  Infestation Pit  
  134  8:29  Extractor  
  134  8:30  Extractor  
  134  8:33  Overseer  
  131  8:36  Lurker x7  
  138  8:45  Hydralisk x3  
  138  8:46  Hydralisk  
  146  8:59  Overlord x2  
  146  9:00  Roach x5  
  156  9:15  Drone  
  156  9:16  Drone x7  
  164  9:18  Overlord x2  
  164  9:26  Hydralisk x2  
  164  9:27  Spire  
  96  10:02  Hydralisk x2  
  96  10:03  Hydralisk x14  
  128  10:20  Hive  
  112  10:30  Hydralisk, Zerg Ground Armor Level 1  
  112  10:31  Hydralisk x4  
  122  10:38  Hatchery  
  121  10:50  Hydralisk x6  
  121  10:51  Hydralisk x3  
  139  11:01  Queen  
  126  11:32  Viper x3  
  125  11:33  Viper x2  
  125  11:34  Hydralisk  
  125  11:35  Hydralisk x7  
  156  11:42  Extractor  
  156  11:45  Extractor  
  154  11:58  Hatchery  
  153  12:03  Overlord x3, Swarm Host  
  153  12:04  Roach x5  
  166  12:21  Drone x3  
  166  12:22  Drone x5  
  174  12:23  Drone  
  175  12:40  Roach x7  
  189  12:58  Overlord x2  
Tags
 
Add a new tag
Caveats
  • Supply blocks, unpowered buildings, or Contaminate may cause inaccurate times.
  • Supply counts are checked every 10 seconds.